 Dungeon Crawl Stone Soup version 0.18.1-5-g4a78601 (webtiles) character file.

2533 PossumBlood the Cleaver (level 9, -13/70 HPs)
             Began as a Minotaur Fighter on May 10, 2016.
             Was a Believer of Okawaru.
             Killed by the air
             ... invoked by Gastronok
              (37 damage)
             ... on level 8 of the Dungeon.
             The game lasted 00:16:41 (7112 turns).

PossumBlood the Cleaver (Minotaur Fighter)          Turns: 7112, Time: 00:16:41

Health: -13/70     AC:  9    Str: 26    XL:     9   Next: 30%
Magic:  17/17      EV:  8    Int:  5    God:    Okawaru [**....]
Gold:   531        SH: 10    Dex: 10    Spells: 0 memorised, 8 levels left

rFire  . . .     SeeInvis .     a - +1 war axe
rCold  . . .     Gourm    .     C - +1 ring mail of the Shore {MP+9 Str+2}
rNeg   . . .     Faith    .     c - +0 shield
rPois  .         Spirit   .     (helmet restricted)
rElec  .         Dismiss  .     (no cloak)
rCorr  +         Reflect  .     (no gloves)
SustAt .         Harm     .     m - +0 pair of boots
MR     +....                    (no amulet)
Stlth  ..........               r - ring of resist corrosion
                                B - ring of wizardry

@: somewhat resistant to hostile enchantments, extremely unstealthy
A: retaliatory headbutt, horns 2, yellow scales 1, magic resistance 1
a: Heroism, Renounce Religion


You were on level 8 of the Dungeon.
You worshipped Okawaru.
Okawaru was pleased with you.
You were not hungry.

You visited 2 branches of the dungeon, and saw 9 of its levels.
You also visited: Sewer.

You collected 531 gold pieces.

Inventory:

Hand Weapons
 a - a +1 war axe (weapon)
Missiles
 g - 20 tomahawks (quivered)
 E - 3 javelins
Armour
 c - a +0 shield (worn)
 m - a +0 pair of boots (worn)
 C - the +1 ring mail of the Shore (worn) {MP+9 Str+2}
   (You found it on level 5 of the Dungeon)

   It affects your strength (+2).
   It affects your magic capacity (+9).
Jewellery
 r - a ring of resist corrosion (right hand)
 x - a +4 ring of intelligence
 B - a ring of wizardry (left hand)
Wands
 y - a wand of flame (41/48)
Scrolls
 e - a scroll of recharging
 k - a scroll of teleportation
 s - 2 scrolls of remove curse
 z - a scroll of blinking
 A - 2 scrolls of fear
Potions
 d - a potion of might
 j - a potion of curing
 o - 4 potions of invisibility
 p - 2 potions of brilliance
 q - 2 potions of berserk rage
 t - 3 potions of heal wounds
 u - a potion of flight {unknown}
 v - 3 potions of haste {unknown}
Books
 G - the Catalogue of Poisoning
   (You found it on level 6 of the Dungeon)

   Spells                             Type                      Level
   a - Sting                          Conjuration/Poison           1
   b - Cure Poison                    Poison                       2
   c - Mephitic Cloud                 Conjuration/Poison/Air       3
   d - Ignite Poison                  Fire/Transmutation/Poison    3
   e - Olgreb's Toxic Radiance        Poison                       4
Comestibles
 f - 3 bread rations
 h - 2 beef jerkies
 i - 5 meat rations
 w - a slice of pizza


   Skills:
 - Level 3.6 Fighting
 * Level 14.4 Axes
 - Level 3.6 Armour
 - Level 3.6 Shields


You had 8 spell levels left.
You didn't know any spells.

Dungeon Overview and Level Annotations

Branches:
Dungeon (8/15)             Temple (1/1) D:4
   Lair: D:8-11

Altars:
Ashenzari
Cheibriados
Fedhas
Gozag
Kikubaaqudgha
Makhleb
Nemelex Xobeh
Okawaru
Pakellas
Qazlal
Ru
Sif Muna
Trog
Vehumet
Yredelemnul

Annotations:
D:8 Gastronok


Innate Abilities, Weirdness & Mutations

You reflexively headbutt those who attack you in melee.
You have a pair of horns on your head.
You are partially covered in yellow scales (AC +2).
You are resistant to hostile enchantments.


Message History

You slash Gastronok!
Gastronok is heavily wounded.
Gastronok waves his eye-stalks in wide circles.
The air twists around and strikes you!
You slash Gastronok! You headbutt Gastronok.
Gastronok is heavily wounded.
You slash Gastronok!
You headbutt Gastronok, but do no damage.
Gastronok is severely wounded.
You hit Gastronok but do no damage. You headbutt Gastronok!
Gastronok is severely wounded.
Gastronok bites you!!
You slice Gastronok!!
Gastronok is almost dead.
You slash Gastronok! You headbutt Gastronok!
Gastronok is almost dead.
Gastronok waves his eye-stalks in wide circles.
The air twists around and strikes you!
Ouch! That really hurt!
You die...

......^.............†.>
##########.#........###
#.#........#.# #######
#.#........#.# #.....#
#.#........#.. #.....#
#.#........#.# #.....#
#.#........#.# #...w.#
#.##########.# #....@#
#.#..........#
#.....###.#.##....####
#.........#.##....####
#.....#####...........
#.....# ###...........
#.....................
####....#.............
#... #...#.......#.
#)...#...#.......#.


You could see Gastronok.

Vanquished Creatures
  2 hippogriffs
  A steam dragon (D:7)
  An orc warrior (D:7)
  Purgy (Sewer)
  A sky beast (D:7)
  4 ogres
  A necrophage (D:8)
  A centaur (D:7)
  A gnoll sergeant (D:6)
  2 scorpions
  A howler monkey (D:5)
  3 crimson imps
  2 giant frog zombies
  6 orc priests
  A giant frog skeleton (D:5)
  A hound (D:7)
  4 orc wizards
  5 iguanas
  Natasha (thrice) (D:4)
  3 worker ants
  A hound zombie (D:8)
  3 hound skeletons
  15 adders
  6 gnolls
  3 oozes
  2 adder skeletons
  2 worms
  3 dart slugs
  4 giant geckos
  16 orcs
  2 ball pythons (D:6)
  6 giant cockroaches
  9 hobgoblins
  9 jackals
  5 quokkas
  6 bats
  6 giant newts
  4 goblins
  2 jackal skeletons
  12 kobolds
  A quokka skeleton (D:4)
  10 rats
171 creatures vanquished.

Vanquished Creatures (others)
  A hound (D:4)
  A giant newt (D:4)
2 creatures vanquished.

Grand Total: 173 creatures vanquished

Notes
Turn   | Place    | Note
--------------------------------------------------------------
     0 | D:1      | PossumBlood the Minotaur Fighter began the quest for the Orb.
     0 | D:1      | Reached XP level 1. HP: 19/19 MP: 0/0
    10 | D:1      | Noticed a giant frog
   142 | D:1      | Reached skill level 3 in Axes
   196 | D:1      | Reached XP level 2. HP: 20/26 MP: 1/1
   457 | D:1      | Reached skill level 4 in Axes
   499 | D:1      | Reached XP level 3. HP: 27/31 MP: 2/2
  1066 | D:2      | Reached skill level 5 in Axes
  1155 | D:2      | Reached XP level 4. HP: 38/39 MP: 3/3
  1412 | D:2      | Gained mutation: You are partially covered in yellow scales (AC +2). [potion of beneficial mutation]
  1413 | D:2      | Gained mutation: You are resistant to hostile enchantments. [potion of beneficial mutation]
  1677 | D:3      | Found a basalt altar of Yredelemnul.
  1883 | D:3      | Found a faded altar to an unknown god.
  1951 | D:3      | Found a sacrificial altar of Ru.
  1964 | D:3      | Reached skill level 6 in Axes
  1964 | D:3      | Reached XP level 5. HP: 37/45 MP: 4/4
  2090 | D:3      | Reached skill level 7 in Axes
  2436 | D:4      | Reached XP level 6. HP: 38/51 MP: 5/5
  2443 | D:4      | Reached skill level 8 in Axes
  2632 | D:4      | Reached skill level 9 in Axes
  2662 | D:4      | Noticed Natasha
  2673 | D:4      | Killed Natasha
  2712 | D:4      | Noticed Natasha
  2722 | D:4      | Killed Natasha
  2722 | D:4      | Reached XP level 7. HP: 20/57 MP: 6/6
  2745 | D:4      | Noticed Natasha
  2750 | D:4      | Killed Natasha
  3490 | D:4      | Found a staircase to the Ecumenical Temple.
  3499 | Temple   | Entered the Ecumenical Temple
  3720 | D:5      | Entered Level 5 of the Dungeon
  3756 | D:5      | Reached skill level 10 in Axes
  4168 | D:5      | Found a sparkling altar of Nemelex Xobeh.
  4172 | D:5      | Found a shattered altar of Ashenzari.
  4454 | D:5      | Found an iron altar of Okawaru.
  4457 | D:5      | Became a worshipper of Warmaster Okawaru
  4474 | D:5      | Got a distressingly furry ring mail
  4485 | D:5      | Identified the +1 ring mail of the Shore {MP+9 Str+2} (You found it on level 5 of the Dungeon)
  4645 | D:6      | Found a snail-covered altar of Cheibriados.
  4721 | D:6      | Reached skill level 11 in Axes
  4724 | D:6      | Reached XP level 8. HP: 16/64 MP: 7/7
  5074 | D:6      | Found a glowing drain.
  5117 | Sewer    | Entered a sewer
  5166 | Sewer    | Noticed Purgy
  5174 | Sewer    | Killed Purgy
  5266 | D:6      | Found an opulent altar of Gozag.
  5311 | D:6      | Reached skill level 12 in Axes
  5359 | D:6      | Reached * piety under Okawaru
  5436 | D:6      | Identified the Catalogue of Poisoning
  5964 | D:7      | Found an oddly glowing altar of Pakellas.
  5989 | D:7      | Reached skill level 13 in Axes
  6160 | D:7      | Reached XP level 9. HP: 22/70 MP: 8/8
  6414 | D:7      | Reached ** piety under Okawaru
  6429 | D:7      | Reached skill level 14 in Axes
  6741 | D:7      | Found a deep blue altar of Sif Muna.
  7095 | D:8      | Noticed Gastronok
  7112 | D:8      | Killed from afar by Gastronok

Skill      XL: |  1  2  3  4  5  6  7  8  9 |
---------------+----------------------------+-----
Axes           | 3 4 5 6 7 9 11 13 14 | 14.4
Fighting       | |  3.6
Armour         | |  3.6
Shields        | |  3.6

Action                   |  1- 3 |  4- 6 |  7- 9 || total
-------------------------+-------+-------+-------++-------
Melee: War axe           |    79 |   129 |   259 ||   467
       Headbutt          |    10 |    17 |    48 ||    75
  Use: Scroll            |       |     4 |    13 ||    17
       Potion            |       |     2 |     3 ||     5
  Eat: Bread ration      |       |     1 |     2 ||     3
       Royal jelly       |       |     1 |     2 ||     3
       Fruit             |       |       |     3 ||     3
Armor: Scale mail        |    28 |    49 |    31 ||   108
       Ring mail         |       |       |    72 ||    72
Dodge: Dodged            |    27 |    27 |    70 ||   124
Block: Shield            |    37 |    51 |   122 ||   210
